 Dungeon Crawl Stone Soup version 0.32-a0-543-gefe97123c3 (webtiles) character file.

Game seed: 7428648357584806775

55 GordonOverkill the Sneak (level 3, 0/23 HPs)
             Began as a Deep Elf Delver on Feb 29, 2024.
             Slain by a ribbon worm (7 damage)
             ... on level 2 of the Dungeon.
             The game lasted 00:04:57 (2004 turns).

GordonOverkill the Sneak (Deep Elf Delver)          Turns: 2004, Time: 00:04:57

Health: 0/23       AC:  4    Str:  9    XL:     3   Next: 67%
Magic:  8/8        EV: 11    Int: 16    God:
Gold:   78         SH:  4    Dex: 16    Spells: 7/7 levels left

rFire   . . .        a - +1 spear
rCold   . . .        o - +0 buckler
rNeg    . . .        b - +0 leather armour
rPois   .            (no helmet)
rElec   .            h - +0 cloak
rCorr   .            (no gloves)
SInv    .            (no boots)
Will    .....        (no amulet)
Stlth   +++          (no ring)
HPRegen 0.23/turn    (no ring)
MPRegen 0.11/turn

%: no passive effects
@: hasted, very quick
A: no striking features
a: no special abilities


You were on level 2 of the Dungeon.
You visited 1 branch of the dungeon, and saw 6 of its levels.

You collected 78 gold pieces.

Inventory:

Hand Weapons
 a - a +1 spear (weapon)
Missiles
 l - 5 poisoned darts (quivered)
 r - 2 boomerangs
Armour
 b - a +0 leather armour (worn)
 h - a +0 cloak (worn)
 o - a +0 buckler (worn)
Magical Staves
 d - a staff of air
 k - a staff of death
Wands
 g - a wand of digging (2)
Scrolls
 c - a scroll of fog
 e - a scroll of fear
 i - 2 scrolls of enchant weapon
 j - a scroll of teleportation {unknown}
 n - 2 scrolls of identify {unknown}
 q - a scroll of torment {unknown}
Potions
 m - a potion of might {unknown}
 p - 2 potions of curing {unknown}


   Skills:
 - Level 3.0 Fighting
 - Level 2.0 Polearms
 - Level 2.4 Dodging
 - Level 6.0 Stealth
 + Level 2.6 Spellcasting


You had 7 spell levels left.
You didn't know any spells.
Your spell library was empty.

Dungeon Overview and Level Annotations

Branches:
Dungeon (6/15)
 Temple: D:4-7

Altars:
Dithmenos

Annotations:
D:5 Pikel


Message History

The web tears apart.
A ball python comes into view.
The ribbon worm expels a string of sticky webbing.
The stream of webbing hits you but does no damage.
You are caught in a web!
There is a web here.
You struggle to detach yourself from the web.
The web tears apart.
The ribbon worm expels a string of sticky webbing.
The stream of webbing hits you but does no damage.
You are caught in a web!
The ball python bites you but does no damage.
The ball python grabs you. The ball python constricts you.
There is a web here.
The web tears apart.
You block the ball python's attack. The ball python constricts you.
The ribbon worm bites you.
You escape the ball python's grasp.
The ribbon worm attacks as it pursues you!
The ribbon worm bites you.
You hit the ribbon worm.
The ribbon worm is moderately wounded.
The ribbon worm expels a string of sticky webbing.
You block the stream of webbing.
You hit the ribbon worm.
The ribbon worm is heavily wounded.
The ribbon worm bites you.
You hit the ribbon worm.
The ribbon worm is heavily wounded.
You hit the ribbon worm.
The ribbon worm is severely wounded.
A kobold comes into view. It is wielding a +0 short sword.
The ribbon worm bites you.
* * * LOW HITPOINT WARNING * * *
The kobold shouts!
You hit the ribbon worm.
The ribbon worm is severely wounded.
The ribbon worm bites you.
* * * LOW HITPOINT WARNING * * *
You feel yourself speed up. The ribbon worm bites you!
You die...

#.# #####.# #..
..# ### ###
####### ....... .
.......##########
.
......Sw@.......#
...K...########.#
....... #.#
####### #.# #.#
#.# #.# #.# ....
#.#


You could see a ribbon worm (catching breath), a ball python and a kobold.

Vanquished Creatures
  3 dart slugs (D:3)
  An orc (D:3)
  2 bats
  3 endoplasms
  3 giant cockroaches (D:1)
  4 hobgoblins
  3 jackals (D:2)
  4 quokkas
  6 ball pythons
  3 frilled lizards (D:1)
  3 goblins
  2 kobolds
  9 rats
46 creatures vanquished.

Notes
Turn   | Place    | Note
-------+----------+-------------------------------------------
     0 | D:5      | GordonOverkill the Deep Elf Delver began the quest for the
                  | Orb.
     0 | D:5      | Reached XP level 1. HP: 13/13 MP: 3/3
    22 | D:6      | Noticed a kobold brigand
   199 | D:5      | Noticed a lemure
   201 | D:5      | Noticed a lemure
   202 | D:5      | Noticed Pikel
   202 | D:5      | Noticed a lemure
   203 | D:5      | Noticed a lemure
   215 | D:4      | Noticed an ogre
   298 | D:3      | Reached XP level 2. HP: 14/18 MP: 4/4
   682 | D:1      | Reached XP level 3. HP: 17/23 MP: 4/6
   777 | D:1      | Reached skill level 1 in Spellcasting
  1881 | D:2      | Found a shadowy altar of Dithmenos.
  2004 | D:2      | Slain by a ribbon worm

Illustrated notes

Levels and vault maps discovered:
D:1:      dpeg_arrival_short_road, layout_basic, patterned_corridor
D:2:      wad_woods_stonehenge, layout_basic
D:3:      layout_loops_ring, serial_shops, nicolae_lakefront_shop
D:4:      layout_loops_ring, ebering_ghost_sewer_d
D:5:      layout_gridville, amcnicky_mini_corridor_feature, grunt_ministairs_8,
          uniq_pikel
D:6:      layout_basic, serial_library_hellmonk_metal_room, uniq_sigmund,
          uniq_jeremiah, uniq_grinder

Skill      XL: |  1  2  3 |
---------------+----------+-----
Fighting       | 3 |  3.0
Polearms       | 2 |  2.0
Spellcasting   | 2 |  2.6
Dodging        | |  2.4
Stealth        | |  6.0

Action                     || total
---------------------------++-------
  Melee: Spear             ||   186
  Evoke: Wand              ||     1
    Use: Scroll            ||     3
         Potion            ||     1
   Stab: Sleeping          ||    19
         Distracted        ||     1
 Armour: Leather armour    ||    76
  Dodge: Dodged            ||    88
  Block: Buckler           ||    14

Table legend: (Time is in decaauts)
 A = Elapsed time spent in this place.
 B = Non-inter-level travel time spent in this place.
 C = Inter-level travel time spent in this place.
 D = Time resting spent in this place.
 E = Time spent auto-exploring this place.
 F = Levels seen in this place.
 G = Mean time per level.
                   A        B        C        D        E       F      G
               +--------+--------+--------+--------+--------+-----+--------+
         Total |   2010 |   1892 |    118 |    131 |    926 |   6 |  335.0 |
       Dungeon |   2010 |   1892 |    118 |    131 |    926 |   6 |  335.0 |
               +--------+--------+--------+--------+--------+-----+--------+

Top non-repeatable levels by time:
     D:1: 1194 daAuts
     D:2: 306 daAuts
     D:3: 290 daAuts
     D:5: 166 daAuts
     D:6: 37 daAuts
     D:4: 14 daAuts
